 Dungeon Crawl Stone Soup version 0.25-a0-657-ge95d391c20 (webtiles) character file.

Game seed: 9596337168776810543, levelgen mode: deterministic

55 MisterFreud the Vexing (level 3, -5/17 HPs)
             Began as a Felid Enchanter on Mar 22, 2020.
             Slain by Terence
             ... wielding a +1 flail of venom
              (13 damage)
             ... on level 2 of the Dungeon.
             The game lasted 00:04:48 (2049 turns).

MisterFreud the Vexing (Felid Enchanter)            Turns: 2049, Time: 00:04:49

Health: -5/17      AC:  1    Str:  5    XL:     3   Next: 67%
Magic:  4/7        EV: 18    Int: 16    God:
Gold:   61         SH:  0    Dex: 16    Spells: 0/6 levels left
                                        Lives:  0   Deaths: 0

rFire    . . .     SeeInvis +     - Unarmed
rCold    . . .     Gourm    .   (shield unavailable)
rNeg     . . .     Faith    .   (armour unavailable)
rPois    .         Spirit   .   (helmet unavailable)
rElec    .         Reflect  .   (cloak unavailable)
rCorr    .         Harm     .   (gloves unavailable)
MR       .....                  (boots unavailable)
Stlth    +++.......             (no amulet)
HPRegen  0.05/turn              (no ring)
MPRegen  0.10/turn              (no ring)

@: lethally poisoned (-5 -> -15), quick
A: very small, no armour, no weapons or thrown items, stealth, claws 1, fangs 3,
see invisible, carnivore, speed 1, shaggy fur 1, slow metabolism 1, sharp paws
a: no special abilities


You were on level 2 of the Dungeon.
You were very full.

You visited 1 branch of the dungeon, and saw 2 of its levels.

You collected 61 gold pieces.

Inventory:

Scrolls
 c - 2 scrolls of amnesia {unknown}
 f - a scroll of remove curse {unknown}
Potions
 a - a potion of resistance {unknown}
 d - a potion of haste {unknown}
 e - a potion of curing {unknown}
Comestibles
 b - 5 rations


   Skills:
 + Level 3.1 Fighting
 + Level 2.8 Dodging
 - Level 4.0 Stealth
 * Level 1.4 Unarmed Combat
 - Level 2.0 Spellcasting
 - Level 4.4 Hexes


You couldn't memorise any spells.
You knew the following spells:

 Your Spells              Type           Power        Failure   Level  Hunger
a - Corona                Hex            ###....      3%          1    #......
b - Ensorcelled Hibernat  Hex/Ice        #.....       13%         2    ###....
c - Confusing Touch       Hex            ###.....     11%         3    ###....

Your spell library contained the following spells:

 Spells                   Type           Power        Failure   Level  Hunger
 Tukima's Dance           Hex            ###.....     11%         3    ###....
 Dazzling Flash           Conj/Hex       #.....       26%         3    ###....


Dungeon Overview and Level Annotations

Branches:
Dungeon (2/15)

Altars:

Annotations:
D:2 Terence


Innate Abilities, Weirdness & Mutations

You cannot wear armour.
You are incapable of wielding weapons or throwing items.
Your paws allow you to move quietly. (Stealth)
You have sharp claws.
You have razor-sharp teeth.
You have supernaturally acute eyesight. (SInv)
You are carnivorous and can eat meat at any time.
You cover ground quickly.
You are covered in fur. (AC +1)
You have a slow metabolism.
Your sharp claws are effective at attacking unaware monsters.


Message History

You catch the helpless Terence completely off-guard!
You claw Terence!
Terence is moderately wounded.
You feel sick.
You catch the helpless Terence completely off-guard!
You scratch Terence.
Terence is heavily wounded.
You feel sick.
You scratch Terence.
Terence is heavily wounded.
You feel sick.
Terence asks, "Where am I?"
You scratch Terence but do no damage.
Terence is heavily wounded.
You scratch Terence but do no damage.
Terence is heavily wounded.
You feel sick.
Terence hits you with a +1 flail of venom!
Ouch! That really hurt!
You die...

.# #.# .....................# ##
#.# ..................##.# # #.#
............#....###.# # ##.#
#..........##†#### #.# # ##..#
#.#...........# #.# ###..##
#.............### #.# #...##
###.....†.........## #.# ..###
#..............##..# #.## >####
#.......@.....#....# #..# ....#
#.......@#....#.#### ##.#
###.#####.......##.##...# #.#
#............###.##...#######.#
#####..##.....###..#..#..).....(.
...##................#########<..
...##...#########.#### ##..
......### #...# ##. ......# #.###
##


You could see Terence (confused).

Vanquished Creatures
  An adder (D:1)
  2 dart slugs
  2 leopard geckos
  7 goblins
  3 hobgoblins
  3 jackals (D:1)
  6 bats
  3 frilled lizards
  5 kobolds
  5 rats
37 creatures vanquished.

Notes
Turn   | Place    | Note
-------+----------+-------------------------------------------
     0 | D:1      | MisterFreud the Felid Enchanter began the quest for the
                  | Orb.
     0 | D:1      | Reached XP level 1. HP: 7/7 MP: 4/4
   400 | D:1      | Reached skill level 1 in Fighting
   512 | D:1      | Reached XP level 2. HP: 10/13 MP: 6/6
   602 | D:1      | Learned a level 2 spell: Ensorcelled Hibernation
  1336 | D:1      | Reached XP level 3. HP: 12/16 MP: 7/7
  1520 | D:2      | Noticed Terence
  1557 | D:1      | Learned a level 3 spell: Confusing Touch
  2049 | D:2      | Slain by Terence

Levels and vault maps discovered:
D:1:      ncdulo_wetmaze, layout_basic, minmay_box_of_dots
D:2:      layout_rooms, first_ration, minmay_puff, uniq_terence

Skill      XL: |  1  2  3 |
---------------+----------+-----
Fighting       | 1 2 3 |  3.1
Dodging        | |  2.8
Stealth        | |  4.0
Unarmed Combat | |  1.4
Spellcasting   | |  2.0
Hexes          | |  4.4

Action                   || total
-------------------------++-------
Melee: Unarmed           ||   111
       Bite              ||     4
       Punch             ||     1
 Cast: Corona            ||     5
       Ensorcelled Hiber ||    12
       Confusing Touch   ||     1
  Use: Scroll            ||     2
       Potion            ||     1
 Stab: Sleeping          ||    18
       Confused          ||     2
  Eat: Chunk             ||     9
Armor: Skin              ||     8
Dodge: Dodged            ||    86

Table legend:
 A = Non-vault XP
 B = Vault XP
 C = Vault XP percentage of total XP
 D = Non-vault monster count
 E = Vault monster count
 F = Vault count percentage of total count
                 A         B        C        D         E       F
            +---------+---------+-------+---------+---------+-------
      Total |      60 |      19 |  24.1 |      28 |       9 |  24.3
            +---------+---------+-------+---------+---------+-------
        D:1 |      38 |      11 |  22.4 |      16 |       5 |  23.8
        D:2 |      22 |       8 |  26.7 |      12 |       4 |  25.0
            +---------+---------+-------+---------+---------+-------
